 Dungeon Crawl Stone Soup version 0.31-a0-848-gaac375c287 (webtiles) character file.

Game seed: 16139329564117589263

15 Kurtz the Sneak (level 2, -2/24 HPs)
             Began as a Mummy Delver on Oct 4, 2023.
             Slain by an orc
             ... wielding a +0 mace
              (6 damage)
             ... on level 5 of the Dungeon.
             The game lasted 00:00:17 (154 turns).

Kurtz the Sneak (Mummy Delver)                       Turns: 154, Time: 00:00:17

Health: -2/24      AC:  3    Str: 15    XL:     2   Next: 34%
Magic:  2/2        EV: 11    Int:  9    God:
Gold:   12         SH:  0    Dex: 13    Spells: 1/1 levels left

rFire   x . .        a - +0 hand axe
rCold   + . .        (no shield)
rNeg    + + +        b - +0 leather armour
rPois   ∞            (no helmet)
rElec   .            (no cloak)
rCorr   .            (no gloves)
SInv    .            (no boots)
Will    .....        (no amulet)
Stlth   ++           (no ring)
HPRegen 0.24/turn    (no ring)
MPRegen 0.08/turn

%: faith
@: no status effects
A: cold resistance 1, negative energy resistance 3, torment resistance 2, heat
vulnerability 1, in touch with death 1, no potions, faith
a: no special abilities


You were on level 5 of the Dungeon.
You visited 1 branch of the dungeon, and saw 1 of its levels.

You collected 12 gold pieces.

Inventory:

Hand Weapons
 a - a +0 hand axe (weapon)
Missiles
 h - 5 boomerangs
Armour
 b - a +0 leather armour (worn)
Wands
 f - a wand of digging (3)
 g - a wand of iceblast (8)
Scrolls
 c - a scroll of fog
 d - 2 scrolls of revelation
 e - a scroll of fear


   Skills:
 - Level 3.0 Fighting
 * Level 2.5 Axes
 - Level 1.5 Dodging
 - Level 4.1 Stealth


You had one spell level left.
You didn't know any spells.
Your spell library was empty.

Dungeon Overview and Level Annotations

Branches:
Dungeon (5/15)
 Temple: D:4-7

Altars:

Annotations:
D:5 exclusion: iguana


Innate Abilities, Weirdness & Mutations

You are immune to poison.
Your flesh is cold resistant. (rC+)
You are immune to negative energy. (rN+++)
You are immune to unholy pain and torment.
You are vulnerable to heat. (rF-)
You are in touch with the powers of death.
You do not drink.
You have a special connection with the divine. (Faith)


Message History

The adder bites you.
You hit the adder. Your punch misses the adder.
The adder is severely wounded.
The adder bites you but does no damage. The adder bites you.
You hit the adder.
You kill the adder!
Your Axes skill increases to level 2!
You have reached level 2!
You hit the orc but do no damage. The orc closely misses you.
The orc hits you with a +0 flail.
You hit the orc.
The orc is severely wounded.
The orc barely misses you.
You hit the orc.
The orc is almost dead.
The orc hits you with a +0 flail.
Unknown command.
You hit the orc.
You kill the orc!
You barely miss the orc. The orc hits you but does no damage.
You hit the orc.
The orc is heavily wounded.
The orc hits you with a +0 club. The orc barely misses you.
You slash the orc!
You kill the orc!
Unknown command.
You barely miss the orc. The orc hits you with a +0 mace.
You hit the orc but do no damage. The orc hits you with a +0 mace.
Unknown command.
You hit the orc.
The orc is heavily wounded.
The orc misses you. The orc hits you but does no damage.
You closely miss the orc.
The orc is heavily wounded.
The orc hits you with a +0 mace.
* * * LOW HITPOINT WARNING * * *
You hit the orc but do no damage.
The orc is heavily wounded.
The orc hits you with a +0 mace.
You die...

#### # #...# # ...# #. #...#
.###. ..|#
#.###########...###..... ...#
#....#.................. ...#
#...............#..... ...#
#..#..................
...#####..#.##.#.......#####!
............##.#.#...#.#
########..####.#@#...#.#
#.......#o#...#.#
##.######o#...#.#
#.######.......# ######
#.#......#...###
..>..####.#.###......#
####......# ##...#...#
######## #....#.#.#
#.#....#.....


You could see 2 orcs.

Vanquished Creatures
  An adder (D:5)
  2 orcs (D:5)
  A quokka (D:5)
4 creatures vanquished.

Notes
Turn   | Place    | Note
-------+----------+-------------------------------------------
     0 | D:5      | Kurtz the Mummy Delver began the quest for the Orb.
     0 | D:5      | Reached XP level 1. HP: 18/18 MP: 1/1
    60 | D:5      | Noticed an iguana
   143 | D:5      | Reached XP level 2. HP: 18/24 MP: 2/2
   154 | D:5      | Slain by an orc

Illustrated notes

Levels and vault maps discovered:
D:5:      layout_loops_cross, lemuel_round_altar, uniq_grinder

Skill      XL: |  1 |
---------------+----+-----
Axes           | 2 |  2.5
Fighting       | |  3.0
Dodging        | |  1.5
Stealth        | |  4.1

Action                     || total
---------------------------++-------
  Melee: Hand axe          ||    17
 Armour: Leather armour    ||    17
  Dodge: Dodged            ||     9

Table legend: (Time is in decaauts)
 A = Elapsed time spent in this place.
 B = Non-inter-level travel time spent in this place.
 C = Inter-level travel time spent in this place.
 D = Time resting spent in this place.
 E = Time spent auto-exploring this place.
 F = Levels seen in this place.
 G = Mean time per level.
                   A        B        C        D        E       F      G
               +--------+--------+--------+--------+--------+-----+--------+
         Total |    157 |    157 |      0 |      0 |    105 |   1 |  157.0 |
       Dungeon |    157 |    157 |      0 |      0 |    105 |   1 |  157.0 |
               +--------+--------+--------+--------+--------+-----+--------+

Top non-repeatable levels by time:
     D:5: 157 daAuts
